 Dungeon Crawl Stone Soup version 0.32-a0-818-gb728d02 (webtiles) character file.

Game seed: 5220919098990756849

2471 sdynet the Thaumaturge (level 9, -4/81 (89) HPs)
             Began as an Oni Hedge Wizard on Mar 23, 2024.
             Was a Believer of Elyvilon.
             Slain by a wight
             ... wielding a +3 spear of distortion
              (5 damage)
             ... on level 8 of the Dungeon.
             The game lasted 00:23:45 (8443 turns).

sdynet the Thaumaturge (Oni Hedge Wizard)           Turns: 8443, Time: 00:23:46

HP:   -4/81 (89)    AC:  4    Str: 16    XL:     9   Next: 51%
MP:   17/23         EV:  9    Int: 19    God:    Elyvilon [**....]
Gold: 473           SH:  0    Dex:  8    Spells: 6/24 levels left

rFire   + . .        a - +8 quarterstaff "Naczag" {venom, *Noise rPois rF+ SInv}
rCold   . . .        (shield currently unavailable)
rNeg    . . .        l - +0 robe
rPois   +            c - +0 hat
rElec   .            p - +0 cloak
rCorr   .            (gloves unavailable)
SInv    +            (boots unavailable)
Will    .....        (no amulet)
Stlth   +            j - ring of poison resistance
HPRegen 0.33/turn    (no ring)
MPRegen 0.18/turn

%: no passive effects
@: drained
A: large, unfitting armour, horns 1, tough skin 1, double potion healing,
drunken brawling, hooves 1, high MP 1, sturdy frame 1
a: Renounce Religion, Purification, Heal Other


You were on level 8 of the Dungeon.
You worshipped Elyvilon.
Elyvilon was pleased with you.
You visited 2 branches of the dungeon, and saw 9 of its levels.
You also visited: Sewer.

You collected 473 gold pieces.

Inventory:

Hand Weapons
 a - the +8 quarterstaff "Naczag" (weapon) {venom, *Noise rPois rF+ SInv}
   (You found it on level 4 of the Dungeon)

   rF+:       It protects you from fire.
   rPois:     It protects you from poison.
   SInv:      It lets you see invisible.
   *Noise:    It may make a loud noise when swung.
 e - a +0 whip of venom
 q - a +4 quarterstaff of chaos
Missiles
 Y - a curare-tipped dart
 Z - 12 poisoned darts
Armour
 c - a +0 hat (worn)
 l - a +0 robe (worn)
 p - a +0 cloak (worn)
Jewellery
 j - a ring of poison resistance (left hand)
Wands
 i - a wand of charming (4)
 m - a wand of iceblast (9)
Scrolls
 d - a scroll of blinking
 o - a scroll of brand weapon
 r - a scroll of teleportation {!r}
 s - a scroll of revelation {unknown}
 t - a scroll of fear {unknown}
 u - a scroll of vulnerability
 v - a scroll of fog {!r}
 w - a scroll of enchant armour {unknown}
Potions
 b - a potion of haste {!q}
 f - 2 potions of might {!q}
 g - a potion of magic {!q}
 h - a potion of lignification {unknown}
 k - 2 potions of mutation
 n - a potion of curing {!q}
 x - a potion of heal wounds {unknown}


   Skills:
 - Level 6.0 Fighting
 - Level 1.5 Maces & Flails
 - Level 0.1(1.0) Staves
 - Level 1.0 Throwing
 - Level 4.0 Dodging
 - Level 1.4 Stealth
 + Level 8.1 Spellcasting
 + Level 4.4 Conjurations
 - Level 1.0 Hexes
 - Level 1.0 Summonings
 - Level 1.0 Necromancy
 - Level 1.0 Translocations
 + Level 3.0 Fire Magic
 - Level 3.0 Air Magic
 - Level 3.0 Alchemy
 - Level 1.0 Invocations


You had 6 spell levels left.
You knew the following spells:

 Your Spells              Type           Power      Damage    Failure   Level
a - Magic Dart            Conj           96%        1d7       1%          1
b - Slow                  Hex            44%        N/A       6%          1
d - Cigotuvi's Dreadful   Necr/Alch/Air  32%        N/A       5%          2
e - Mephitic Cloud        Conj/Alch/Air  21%        N/A       6%          3
f - Teleport Other        Tloc           11%        N/A       19%         3
g - Scorch                Fire           38%        2d6       3%          2
h - Flame Wave            Conj/Fire      22%        2d8       19%         4
q - Blink                 Tloc           22%        N/A       9%          2

Your spell library contained the following spells:

 Spells                   Type           Power      Damage    Failure   Level
 Mercury Vapours          Alch/Air       38%        N/A       4%          2
 Call Imp                 Summ           22%        N/A       9%          2
 Lesser Beckoning         Tloc           22%        N/A       9%          2
 Dazzling Flash           Conj/Hex       36%        N/A       9%          3
 Gell's Gravitas          Tloc           11%        N/A       19%         3
 Irradiate                Conj/Alch      10%        3d15      47%         5
 Yara's Violent Unravell  Hex/Alch       7%         3d5       73%         5
 Starburst                Conj/Fire      11%        6d5       96%         6
 Summon Cactus Giant      Summ           5%         N/A       100%        6
 Maxwell's Capacitive Co  Air            9%         ∞         100%        8


Dungeon Overview and Level Annotations

Branches:
Dungeon (8/15)             Temple (1/1) D:4           Sewer (visited)
   Lair: D:8-11

Altars:
Ashenzari
Cheibriados
Dithmenos
Elyvilon
Fedhas
Gozag
Kikubaaqudgha
Makhleb
Nemelex Xobeh
Okawaru
Qazlal
Sif Muna
Trog
Uskayaw
Wu Jian
Xom
Yredelemnul
The Shining One


Innate Abilities, Weirdness & Mutations

You are too large for most types of armour.
You have a pair of small horns on your head.
You have tough skin. (AC +1)
You gain doubled healing and magic from potions.
Whenever you drink a healing potion, you attack all around you.
You have large cloven feet.
You have an increased reservoir of magic. (+10% MP)
Your movements are slightly less encumbered by armour. (ER -2)


Message History

The wight is severely damaged.
The flame wave engulfs the wight.
The wight is moderately damaged. (Press . to intensify the flame waves.)
The wight hits you with a +3 spear of distortion!
You feel drained. Space warps around you.
The wight hits you with a +0 scimitar!
The centaur wields a +0 shortbow.
The centaur shoots an arrow.
The arrow hits you!
A wave of flame ripples out!
The flame wave engulfs the wight.
The wight is almost destroyed.
The flame wave engulfs the wight.
The wight is lightly damaged.
The flame wave engulfs the wight!
The wight is almost destroyed.
The flame wave engulfs the wight.
The wight is moderately damaged.
The wight hits you with a +3 scimitar!
The wight hits you with a +3 spear of distortion!
Space warps horribly around you!
* * * LOW HITPOINT WARNING * * *
The wight hits you with a +0 scimitar.
* * * LOW HITPOINT WARNING * * *
You feel drained.
A wave of flame ripples out!
The flame wave engulfs the wight.
The wight is almost destroyed.
The flame wave engulfs the wight.
The wight is moderately damaged.
The flame wave engulfs the wight!
The wight is severely damaged.
The flame wave engulfs the wight but does no damage.
The wight is almost destroyed.
The flame wave engulfs the centaur!
The centaur is heavily wounded.
You finish channelling waves of flame.
The wight hits you with a +3 scimitar!
* * * LOW HITPOINT WARNING * * *
The wight hits you but does no damage.
The wight hits you with a +3 spear of distortion!
* * * LOW HITPOINT WARNING * * *
You feel drained.
You die...

..._..
.....
.... ...
.5## #
#..##.#.#
##z.....#
#cz@#
#....zz#
######.#
#.# #..
#.# ###
..# #.#
#.#


You could see a centaur, 4 wights and a shadow imp.

Vanquished Creatures
  Maurice (D:7)
  Eustachio (D:5)
  Menkaure (D:7)
  3 ice beasts
  An ogre (D:6)
  A phantom (D:5)
  A kobold brigand (D:6)
  4 bullfrogs
  3 scorpions
  2 jellies
  2 bombardier beetles
  3 orc priests
  2 hounds
  Crazy Yiuf (D:4)
  A sleepcap (D:5)
  A gnoll bouda (D:4)
  3 iguanas
  7 orc wizards
  Robin (D:4)
  7 adders
  3 gnolls (D:4)
  A river rat (D:6)
  An ufetubus (D:7)
  9 dart slugs
  2 ribbon worms
  23 orcs
  4 bats
  8 endoplasms
  15 giant cockroaches
  18 goblins
  11 hobgoblins
  3 jackals (D:5)
  10 kobolds
  4 quokkas
  6 ball pythons
  13 frilled lizards
  4 rats
181 creatures vanquished.

Vanquished Creatures (collateral kills)
  An ufetubus (D:7)
  A ribbon worm (D:2)
  An orc (D:7)
  A goblin (D:4)
  A frilled lizard (D:2)
5 creatures vanquished.

Vanquished Creatures (others)
  An orc wizard (D:7)
  An orc (D:7)
2 creatures vanquished.

Grand Total: 188 creatures vanquished

Notes
Turn   | Place    | Note
-------+----------+-------------------------------------------
     0 | D:1      | sdynet the Oni Hedge Wizard began the quest for the Orb.
     0 | D:1      | Reached XP level 1. HP: 16/16 MP: 5/5
    33 | D:1      | Reached skill level 1 in Conjurations
    33 | D:1      | Reached skill level 1 in Summonings
    33 | D:1      | Reached skill level 1 in Translocations
   151 | D:1      | Reached skill level 4 in Spellcasting
   151 | D:1      | Reached XP level 2. HP: 23/24 MP: 7/7
   318 | D:1      | Reached skill level 1 in Fighting
   735 | D:1      | Reached XP level 3. HP: 33/33 MP: 8/8
   742 | D:1      | Reached skill level 1 in Maces & Flails
  1563 | D:2      | Learned a level 1 spell: Slow
  1566 | D:2      | Learned a level 2 spell: Blink
  1569 | D:2      | Learned a level 2 spell: Call Imp
  1572 | D:2      | Learned a level 2 spell: Cigotuvi's Dreadful Rot
  1667 | D:2      | Reached XP level 4. HP: 39/42 MP: 3/10
  2349 | D:3      | Learned a level 3 spell: Mephitic Cloud
  2449 | D:3      | Found a broken altar of Ashenzari.
  2711 | D:3      | Identified the +7 dagger of Crusades {drain, *Slow rPois
                  | rN+}
  3196 | D:4      | Noticed Robin
  3211 | D:4      | Gained mutation: You have large cloven feet. [potion of
                  | mutation]
  3211 | D:4      | Gained mutation: You have an increased reservoir of magic.
                  | (+10% MP) [potion of mutation]
  3211 | D:4      | Gained mutation: Your movements are slightly less
                  | encumbered by armour. (ER -2) [potion of mutation]
  3359 | D:4      | Identified the +8 quarterstaff "Naczag" {venom, *Noise
                  | rPois rF+ SInv}
  3365 | D:4      | Found a staircase to the Ecumenical Temple.
  3377 | Temple   | Entered the Ecumenical Temple
  3382 | Temple   | Became a worshipper of Elyvilon the Healer
  3407 | D:4      | Reached XP level 5. HP: 44/50 MP: 13/13
  3463 | D:4      | Reached skill level 1 in Necromancy
  3463 | D:4      | Reached skill level 1 in Air Magic
  3481 | D:4      | Killed Robin
  3482 | D:4      | Reached skill level 1 in Throwing
  3482 | D:4      | Reached skill level 1 in Invocations
  3487 | D:4      | Reached skill level 1 in Hexes
  3491 | D:4      | Reached skill level 1 in Alchemy
  3494 | D:4      | Reached XP level 6. HP: 36/61 MP: 9/14
  3500 | D:4      | Reached skill level 5 in Spellcasting
  3532 | D:5      | Entered Level 5 of the Dungeon
  3728 | D:5      | Reached XP level 7. HP: 32/71 MP: 16/16
  4015 | D:4      | Found an iron altar of Okawaru.
  4016 | D:4      | Found a bloodstained altar of Trog.
  4166 | D:4      | Found a runed translucent door.
  4167 | D:4      | Noticed Crazy Yiuf
  4177 | D:4      | Killed Crazy Yiuf
  4463 | D:5      | Reached skill level 5 in Fighting
  4542 | D:5      | Reached skill level 6 in Spellcasting
  4635 | D:5      | Reached * piety under Elyvilon
  4676 | D:5      | Reached XP level 8. HP: 80/80 MP: 18/18
  4753 | D:5      | Noticed Eustachio
  4766 | D:5      | Killed Eustachio
  4771 | D:5      | Found a hide-covered altar of Uskayaw.
  5667 | D:6      | Found a glowing drain.
  5671 | Sewer    | Entered a sewer
  5846 | Sewer    | Reached ** piety under Elyvilon
  6085 | Sewer    | Learned a level 3 spell: Teleport Other
  6154 | Sewer    | Reached skill level 7 in Spellcasting
  6538 | D:6      | Got the Omnibus of Impurities
  6542 | D:6      | Learned a level 2 spell: Scorch
  6547 | D:6      | Learned a level 4 spell: Flame Wave
  6609 | D:6      | Reached skill level 1 in Fire Magic
  6609 | D:6      | Reached XP level 9. HP: 89/89 MP: 14/21
  6709 | D:6      | Found an opulent altar of Gozag.
  6872 | D:6      | Found an ornate altar of the Wu Jian Council.
  6993 | D:7      | Noticed Maurice
  7004 | D:7      | Was placed under penance by Elyvilon
  7018 | D:7      | Killed Maurice
  7180 | D:7      | Reached skill level 8 in Spellcasting
  7539 | D:7      | Was forgiven by Elyvilon
  7608 | D:7      | Noticed Menkaure
  7617 | D:7      | Killed Menkaure
  8440 | D:8      | Found a shadowy altar of Dithmenos.
  8443 | D:8      | HP: 1/84 [wight/+3 spear of distortion (11)]
  8443 | D:8      | Slain by a wight

Illustrated notes

Levels and vault maps discovered:
D:1:      mrwooster_arrival_statue_3, layout_basic, serial_bayou,
          serial_bayou_pond_d, serial_bayou_lake_a, serial_bayou_pond_b,
          serial_bayou_lagoon_a, serial_bayou_pond_e
D:2:      layout_rooms, serial_glass, glass_columns_a, glass_columns_a,
          minivault_27, wad_floor_pattern_1
D:3:      layout_basic, mainiacjoe_overflow_brackets
D:4:      layout_rooms, nicolae_overflow_squiral,
          minmay_temple_entry_water_ring, uniq_robin, uniq_crazy_yiuf_cottage
D:5:      layout_basic, mainiacjoe_overflow_paths, uniq_eustachio
D:6:      layout_cave_pools, general_overflow_altar, grunt_gozag_statues,
          gup_sewer_entry_bowl
D:7:      layout_basic, serial_rivers, chequers_serial_rivers_marsh,
          chequers_serial_rivers_large_b, chequers_serial_rivers_marsh,
          chequers_serial_rivers_small_a, uniq_maurice, uniq_menkaure
D:8:      layout_loops_ring, fiery_altar_vehumet, zin_statuary,
          nicolae_dithmenos_shadow_blocks
Temple:   minmay_freezing_vapour_temple

Skill      XL: |  1  2  3  4  5  6  7  8  9 |
---------------+----------------------------+-----
Conjurations   | 1 2 3 4 |  4.4
Summonings     | 1 |  1.0
Translocations | 1 |  1.0
Spellcasting   | 4 5 6 7 8 |  8.1
Fighting       | 1 2 3 4 5 6 |  6.0
Maces & Flails | 1 |  1.5
Necromancy     | 1 |  1.0
Air Magic      | 1 2 3 |  3.0
Throwing       | 1 |  1.0
Invocations    | 1 |  1.0
Hexes          | 1 |  1.0
Alchemy        | 1 2 3 |  3.0
Dodging        | 2 4 |  4.0
Fire Magic     | 1 3 |  3.0
Staves         | |  0.1
Stealth        | |  1.4

Action                     |  1- 3 |  4- 6 |  7- 9 || total
---------------------------+-------+-------+-------++-------
  Melee: Whip              |   110 |    72 |       ||   182
         Headbutt          |    11 |    16 |    15 ||    42
         Dagger            |       |    14 |       ||    14
         Quarterstaff      |       |    56 |   126 ||   182
         Kick              |       |    15 |    32 ||    47
  Throw: Dart              |       |     4 |     3 ||     7
   Cast: Magic Dart        |     9 |     4 |    59 ||    72
         Slow              |     5 |       |       ||     5
         Call Imp          |       |     5 |       ||     5
         Mephitic Cloud    |       |     4 |    10 ||    14
         Scorch            |       |       |    18 ||    18
         Flame Wave        |       |       |     2 ||     2
  Evoke: Wand              |       |       |     7 ||     7
    Use: Potion            |     1 |     2 |     1 ||     4
         Scroll            |     3 |     5 |     5 ||    13
   Stab: Sleeping          |     2 |     1 |     4 ||     7
         Distracted        |       |     1 |       ||     1
         Confused          |       |     2 |     1 ||     3
         Invisible         |       |     1 |       ||     1
 Armour: Robe              |    73 |   120 |   113 ||   306
  Dodge: Dodged            |    54 |    80 |    61 ||   195

Table legend: (Time is in decaauts)
 A = Elapsed time spent in this place.
 B = Non-inter-level travel time spent in this place.
 C = Inter-level travel time spent in this place.
 D = Time resting spent in this place.
 E = Time spent auto-exploring this place.
 F = Levels seen in this place.
 G = Mean time per level.
                   A        B        C        D        E       F      G
               +--------+--------+--------+--------+--------+-----+--------+
         Total |   8507 |   7962 |    545 |    105 |   6189 |  10 |  850.7 |
       Dungeon |   7717 |   7176 |    541 |    105 |   5570 |   8 |  964.6 |
        Temple |     10 |      6 |      4 |      0 |      0 |   1 |   10.0 |
         Sewer |    779 |    779 |      0 |      0 |    619 |   1 |  779.0 |
               +--------+--------+--------+--------+--------+-----+--------+

Top non-repeatable levels by time:
     D:1: 1447 daAuts
     D:5: 1367 daAuts
     D:7: 1273 daAuts
     D:3: 1165 daAuts
     D:6: 893 daAuts
     D:4: 854 daAuts
   Sewer: 779 daAuts
     D:2: 712 daAuts
  Temple: 10 daAuts
     D:8: 4 daAuts
